 Dungeon Sprint DCSS version 0.17-a0-1646-geb1493d (webtiles) character file.

47563 Kidiri the Imperceptible (level 13, -4/55 HPs)
             Began as a Spriggan Enchanter on Aug 11, 2015.
             Was the Champion of Dithmenos.
             Slain by a battleaxe of electrocution (15 damage)
             ... in the Dungeon (Sprint III: "The Ten Rune Challenge").
             The game lasted 00:39:30 (4882 turns).

Kidiri the Imperceptible (Spriggan Enchanter)       Turns: 4882, Time: 00:39:32

Health: -4/55      AC: 16    Str:  4      XL:     13   Next: 42%
Magic:  16/35      EV: 37    Int: 19 (20) God:    Dithmenos [******]
Gold:   3303       SH:  7    Dex: 20      Spells: 13 memorised, 5 levels left

rFire  + + .     SeeInvis +     a - +1 dagger
rCold  + . .     Rnd*Rage +     o - +2 robe {rF+}
rNeg   . . .     SustAt   .     (shield restricted)
rPois  .         Gourm    .     h - +0 hat {MR+}
rElec  .         Spirit   .     (no cloak)
rCorr  .         Warding  .     (gloves unavailable)
rMut   .         NoTele   +     (boots unavailable)
MR     +++..                    (no amulet)
Stlth  ++++++++++               (no ring)
                                n - ring of fire

@: icy armour, icy shield, very slightly contaminated, wreathed by umbra, very
quick, extremely resistant to hostile enchantments, uncannily stealthy
A: unfitting armour, iridescent scales 1, see invisible, agile 1, berserk 1,
cold resistance 2, deterioration 1, herbivore 3, speed 3, screaming 1, slow
metabolism 2, wild magic 1
a: Shadow Step, Shadow Form, Renounce Religion
}: 1/10 runes: serpentine


You were in the Dungeon.
You worshipped Dithmenos.
Dithmenos was exalted by your worship.
You were not hungry.

You visited 1 branch You collected 3303 gold pieces.

Inventory:

Hand weapons
 a - a +1 dagger (weapon)
Armour
 h - a +0 hat of magic resistance (worn)
 o - a +2 robe of fire resistance (worn)
Jewellery
 n - a ring of fire (left hand)
Magical devices
 c - a wand of hasting (4)
 m - a wand of magic darts (30)
Scrolls
 j - a scroll of blinking
 l - 3 scrolls of remove curse
 q - a scroll of torment
Potions
 b - a potion of degeneration {unknown}
 e - 2 potions of curing
 g - a potion of haste
 i - a potion of berserk rage
 k - 3 potions of flight
 p - a potion of cure mutation {unknown}
 t - 2 potions of might
 u - a potion of agility {unknown}
Comestibles
 d - a bread ration
 f - a fruit
 s - 29 royal jellies


   Skills:
 + Level 11.5 Short Blades
 * Level 20.0 Dodging
 * Level 21.4 Stealth
 * Level 17.3 Spellcasting
 + Level 8.1 Conjurations
 + Level 13.2 Hexes
 + Level 13.0 Charms
 + Level 7.2 Summonings
 + Level 8.1 Necromancy
 + Level 9.0 Ice Magic
 - Level 4.8 Invocations


You had 5 spell levels left.
You knew the following spells:

 Your Spells              Type           Power        Failure   Level  Hunger
a - Corona                Hex            #######      1%          1    None
b - Ensorcelled Hibernat  Hex/Ice        #####.       1%          2    None
c - Confuse               Hex            #######.     1%          3    None
d - Tukima's Dance        Hex            #######.     1%          3    None
e - Dazzling Spray        Conj/Hex       ######..     1%          3    None
f - Ozocubu's Armour      Chrm/Ice       #####...     1%          3    None
g - Condensation Shield   Ice            #####.....   3%          4    None
h - Throw Icicle          Conj/Ice       #####...     4%          4    None
i - Summon Ice Beast      Ice/Summ       #####...     4%          4    None
j - Regeneration          Chrm/Necr      ######....   1%          3    None
k - Vampiric Draining     Necr           ######....   2%          3    None
l - Animate Dead          Necr           N/A          4%          4    None
m - Control Undead        Necr           ######....   4%          4    None


Dungeon Overview and Level Annotations

Branches:
Dungeon (1/1)

Altars:
Cheibriados
Dithmenos
Elyvilon
Fedhas
Gozag
Kikubaaqudgha
Makhleb
Nemelex Xobeh
Okawaru
Qazlal
Ru
Sif Muna
Trog
Vehumet
Xom
Yredelemnul
Zin
The Shining One
Jiyva
Lugonu

Shops:
D %[:[

Annotations:
D exclusion: orange crystal statue


Innate Abilities, Weirdness & Mutations

You are tiny and cannot use many weapons and most armour.
You have supernaturally acute eyesight.
You are a herbivore.
You cover ground extremely quickly.
You need consume almost no food.
You are partially covered in iridescent scales (AC +4).
You are agile. (Dex +2)
You tend to lose your temper in combat.
Your flesh is very cold resistant.
Your body sometimes deteriorates upon taking damage.
You occasionally shout uncontrollably at your foes.
Your spells are a little harder to cast, but a little more powerful.


Message History

The shard of ice hits the battleaxe of electrocution.
The battleaxe of electrocution partially resists.
The battleaxe of electrocution is heavily damaged.
The battleaxe of electrocution hits you!!
You emit a cloud of dark smoke.
Unknown command.
You miss the battleaxe of electrocution.
The battleaxe of electrocution is heavily damaged.
Casting: Throw Icicle
Confirm with . or Enter, or press ? or * to list all spells.
Aiming: Dazzling Spray
Press: ? - help, Shift-Dir - straight line, f/p - battleaxe of electrocution
Aim: a battleaxe of electrocution (black smoke, heavily damaged, umbra)
The spray of energy hits the battleaxe of electrocution.
The battleaxe of electrocution is heavily damaged.
Your icy shield starts to melt.
The battleaxe of electrocution hits you!!
* * * LOW HITPOINT WARNING * * *
You emit a cloud of dark smoke.
You are electrocuted!
You die...

.'.≈≈≈§# .#§≈§§§# )#.#§§§#
##.# §§§ ...# §≈
############ PP.#
#...#}..#..# )PP#
#...#...#..# .)P#
##+###+##..# ####
###§@(§...+..# ...+
##.#§#####(####
############..+§#)..+.#).+
[PP........'..#######.+..#
P..)...########.. ..#.####
P....### #..#..#(#..#
...###8# #.#§#§#.+..#
.###§.§# #..§§§#.#Y.#
+#..§§§# #.§§(§#§#..#


You could see a battleaxe of electrocution.

Vanquished Creatures
  Rupert (D)
  Gastronok (D)
  Harold (D)
  2 dire elephants (D)
  A fire dragon (D)
  A naga warrior (D)
  2 centaur warriors (D)
  4 anacondas (D)
  Erica (D)
  2 dancing weapons (D)
  4 death yaks (D)
  A deep elf knight (D)
  An unseen horror (D)
  A hill giant (shapeshifter) (D)
  2 deep elf summoners (D)
  A lindwurm (D)
  An anubis guard (shapeshifter) (D)
  An orc knight (D)
  Joseph (D)
  An orc sorcerer (D)
  2 elephants (D)
  A black mamba (D)
  A guardian serpent (D)
  2 spiny frogs (D)
  A fire drake (D)
  A komodo dragon (D)
  3 deep elf priests (D)
  4 spriggan defenders (D)
  3 wandering mushrooms (D)
  2 slime creatures (D)
  3 orc high priests (D)
  A shadow (D)
  6 blink frogs (D)
  A queen bee (D)
  3 redbacks (D)
  A spatial vortex (D)
  A naga (D)
  A necrophage (D)
  A swamp drake (D)
  2 orc warriors (D)
  2 centaurs (D)
  An earth elemental (D)
  2 brain worms (D)
  A water elemental (D)
  32 killer bees (D)
  2 orc priests (D)
  3 orc wizards (D)
  A wizard (D)
  A jelly (D)
  Jessica (D)
  A wolf (D)
  A necromancer (D)
  3 humans (D)
  A kobold demonologist (D)
  2 adders (D)
  An ooze (D)
  9 orcs (D)
  A rat (D)
  A plant (D)
136 creatures vanquished.

Vanquished Creatures (collateral kills)
  A greater naga (D)
  Maud (D)
  2 anacondas (D)
  3 black mambas (D)
  2 blink frogs (D)
  5 water moccasins (D)
  A naga (D)
  An adder (D)
  An orc (D)
17 creatures vanquished.

Vanquished Creatures (others)
  2 draconian scorchers (D)
  3 yaktaurs (D)
  7 plants (D)
12 creatures vanquished.

Grand Total: 165 creatures vanquished

Notes
Turn   | Place    | Note
--------------------------------------------------------------
     0 | D        | Kidiri the Spriggan Enchanter began the quest for the Orb.
     0 | D        | Reached XP level 1. HP: 9/9 MP: 5/5
     8 | D        | Reached skill level 5 in Stealth
    19 | D        | Noticed Jessica
    22 | D        | Killed Jessica
    22 | D        | Reached skill level 5 in Dodging
    22 | D        | Reached skill level 6 in Stealth
    22 | D        | Reached XP level 2. HP: 13/13 MP: 5/8
    22 | D        | Reached XP level 3. HP: 16/16 MP: 6/10
    26 | D        | Learned a level 2 spell: Ensorcelled Hibernation
    30 | D        | Learned a level 3 spell: Confuse
    34 | D        | Learned a level 3 spell: Tukima's Dance
    75 | D        | Killed a yaktaur
    81 | D        | Noticed a wolf
    88 | D        | Killed a wolf
    88 | D        | Reached skill level 7 in Stealth
    88 | D        | Reached skill level 5 in Spellcasting
    88 | D        | Reached skill level 5 in Hexes
    88 | D        | Reached skill level 1 in Ice Magic
    88 | D        | Reached XP level 4. HP: 21/21 MP: 6/12
    93 | D        | Learned a level 3 spell: Dazzling Spray
   144 | D        | Gained mutation: You are agile. (Dex +2) [potion of mutation]
   144 | D        | Gained mutation: Your flesh is cold resistant. [potion of mutation]
   144 | D        | Gained mutation: You are partially covered in iridescent scales (AC +4). [potion of mutation]
   145 | D        | Gained mutation: You tend to lose your temper in combat. [potion of mutation]
   145 | D        | Gained mutation: You occasionally shout uncontrollably at your foes. [potion of mutation]
   145 | D        | Gained mutation: Your flesh is very cold resistant. [potion of mutation]
   150 | D        | Killed a white draconian scorcher
   282 | D        | Killed a white draconian scorcher
   309 | D        | Noticed a water elemental
   332 | D        | Killed a water elemental
   332 | D        | Reached skill level 8 in Stealth
   332 | D        | Reached skill level 1 in Conjurations
   491 | D        | Noticed a jelly
   492 | D        | Noticed a shadow
   494 | D        | Killed a shadow
   494 | D        | Reached skill level 9 in Dodging
   494 | D        | Reached skill level 10 in Stealth
   494 | D        | Reached XP level 5. HP: 24/24 MP: 14/16
   494 | D        | Reached XP level 6. HP: 28/28 MP: 14/17
   498 | D        | Killed a jelly
   522 | D        | Found a stormy altar of Qazlal.
   523 | D        | Found a sacrificial altar of Ru.
   523 | D        | Found a burning altar of Makhleb.
   523 | D        | Found a viscous altar of Jiyva.
   523 | D        | Found a shimmering altar of Xom.
   523 | D        | Found a shadowy altar of Dithmenos.
   523 | D        | Found a sparkling altar of Nemelex Xobeh.
   523 | D        | Found a corrupted altar of Lugonu.
   523 | D        | Found an opulent altar of Gozag.
   523 | D        | Noticed a spatial vortex
   527 | D        | Became a worshipper of Dithmenos the Shadowed
   543 | D        | Killed a spatial vortex
   543 | D        | Reached skill level 5 in Short Blades
   543 | D        | Reached skill level 11 in Stealth
   543 | D        | Reached skill level 1 in Invocations
   641 | D        | Found a radiant altar of Vehumet.
   642 | D        | Found a deep blue altar of Sif Muna.
   642 | D        | Found an ancient bone altar of Kikubaaqudgha.
   642 | D        | Noticed a wizard
   643 | D        | Killed a wizard
   643 | D        | Reached skill level 10 in Dodging
   664 | D        | Found a glowing silver altar of Zin.
   665 | D        | Found a glowing golden altar of the Shining One.
   665 | D        | Found a white marble altar of Elyvilon.
   665 | D        | Noticed a deep elf priest
   667 | D        | Killed a deep elf priest
   667 | D        | Reached XP level 7. HP: 32/32 MP: 18/20
   679 | D        | Learned a level 3 spell: Ozocubu's Armour
   684 | D        | Learned a level 4 spell: Condensation Shield
   689 | D        | Learned a level 4 spell: Throw Icicle
   697 | D        | Found an iron altar of Okawaru.
   698 | D        | Found a bloodstained altar of Trog.
   698 | D        | Noticed a human
   698 | D        | Noticed a human
   700 | D        | Killed a human
   700 | D        | Reached skill level 12 in Stealth
   700 | D        | Reached skill level 1 in Charms
   702 | D        | Killed a human
   725 | D        | Found a snail-covered altar of Cheibriados.
   725 | D        | Noticed a necrophage
   726 | D        | Found a basalt altar of Yredelemnul.
   726 | D        | Found a blossoming altar of Fedhas.
   726 | D        | Noticed a necromancer
   727 | D        | Killed a necrophage
   727 | D        | Acquired Dithmenos's first power
   727 | D        | Reached XP level 8. HP: 36/36 MP: 22/22
   728 | D        | Killed a necromancer
   748 | D        | Noticed Erica
   750 | D        | Killed Erica
   750 | D        | Reached skill level 13 in Stealth
   750 | D        | Reached skill level 10 in Spellcasting
   769 | D        | Noticed an earth elemental
   772 | D        | Killed an earth elemental
   777 | D        | Noticed a centaur
   777 | D        | Noticed a centaur warrior
   777 | D        | Noticed a centaur
   779 | D        | Killed a centaur
   779 | D        | Acquired Dithmenos's second power
   781 | D        | Killed a centaur warrior
   781 | D        | Reached skill level 14 in Stealth
   781 | D        | Reached skill level 5 in Charms
   781 | D        | Reached skill level 5 in Ice Magic
   781 | D        | Reached XP level 9. HP: 39/39 MP: 23/25
   783 | D        | Killed a centaur
   813 | D        | Learned a level 4 spell: Summon Ice Beast
   824 | D        | Learned a level 3 spell: Regeneration
   830 | D        | Noticed an unseen horror
   832 | D        | Killed an unseen horror
   832 | D        | Reached skill level 1 in Summonings
   832 | D        | Reached skill level 1 in Necromancy
   842 | D        | Noticed a killer bee
   842 | D        | Noticed a killer bee
   842 | D        | Noticed a killer bee
   842 | D        | Noticed a killer bee
   842 | D        | Noticed a killer bee
   842 | D        | Noticed a killer bee
   842 | D        | Noticed a killer bee
   842 | D        | Noticed a killer bee
   842 | D        | Noticed a killer bee
   842 | D        | Noticed a killer bee
   842 | D        | Noticed a killer bee
   842 | D        | Noticed a killer bee
   842 | D        | Noticed a killer bee
   842 | D        | Noticed a queen bee
   842 | D        | Noticed a killer bee
   844 | D        | Noticed a killer bee
   844 | D        | Noticed a killer bee
   844 | D        | Noticed a killer bee
   844 | D        | Killed a killer bee
   845 | D        | Noticed a killer bee
   845 | D        | Noticed a killer bee
   845 | D        | Noticed a killer bee
   845 | D        | Noticed a killer bee
   846 | D        | Noticed a killer bee
   846 | D        | Noticed a killer bee
   846 | D        | Noticed a killer bee
   848 | D        | Killed a killer bee
   848 | D        | Acquired Dithmenos's third power
   849 | D        | Noticed a killer bee
   849 | D        | Noticed a killer bee
   851 | D        | Killed a killer bee
   853 | D        | Killed a killer bee
   855 | D        | Noticed a killer bee
   857 | D        | Noticed a killer bee
   857 | D        | Killed a killer bee
   858 | D        | Noticed a killer bee
   859 | D        | Killed a killer bee
   861 | D        | Noticed a killer bee
   861 | D        | Killed a killer bee
   863 | D        | Killed a killer bee
   863 | D        | Acquired Dithmenos's fourth power
   864 | D        | Noticed a killer bee
   865 | D        | Noticed a killer bee
   865 | D        | Killed a killer bee
   996 | D        | Killed a killer bee
   999 | D        | Killed a killer bee
  1001 | D        | Killed a killer bee
  1003 | D        | Killed a killer bee
  1003 | D        | Reached skill level 15 in Stealth
  1005 | D        | Killed a killer bee
  1008 | D        | Killed a killer bee
  1010 | D        | Killed a killer bee
  1012 | D        | Killed a killer bee
  1012 | D        | Reached XP level 10. HP: 44/44 MP: 10/27
  1014 | D        | Killed a killer bee
  1017 | D        | Killed a killer bee
  1019 | D        | Killed a killer bee
  1021 | D        | Killed a killer bee
  1159 | D        | Killed a killer bee
  1161 | D        | Killed a killer bee
  1161 | D        | Killed a killer bee
  1163 | D        | Killed a killer bee
  1167 | D        | Killed a killer bee
  1169 | D        | Killed a killer bee
  1169 | D        | Reached skill level 5 in Conjurations
  1171 | D        | Killed a killer bee
  1174 | D        | Killed a killer bee
  1176 | D        | Killed a killer bee
  1178 | D        | Killed a killer bee
  1320 | D        | Killed a killer bee
  1330 | D        | Killed a queen bee
  1340 | D        | Learned a level 3 spell: Vampiric Draining
  1425 | D        | Noticed Harold
  1425 | D        | Noticed Joseph
  1427 | D        | Killed Harold
  1427 | D        | Reached skill level 15 in Dodging
  1427 | D        | Reached skill level 16 in Stealth
  1427 | D        | Reached skill level 10 in Hexes
  1430 | D        | Killed Joseph
  1470 | D        | Noticed an orc high priest
  1470 | D        | Noticed an orc high priest
  1471 | D        | Noticed an orc priest
  1471 | D        | Noticed an orc high priest
  1472 | D        | Killed an orc high priest
  1473 | D        | Killed an orc high priest
  1475 | D        | Killed an orc priest
  1476 | D        | Killed an orc high priest
  1648 | D        | Noticed a wandering mushroom
  1649 | D        | Noticed a wandering mushroom
  1649 | D        | Noticed a wandering mushroom
  1650 | D        | Killed a wandering mushroom
  1663 | D        | Killed a wandering mushroom
  1663 | D        | Reached XP level 11. HP: 47/47 MP: 25/29
  1670 | D        | Killed a wandering mushroom
  1838 | D        | Learned a level 4 spell: Animate Dead
  1841 | D        | Noticed a spiny frog
  1841 | D        | Noticed a komodo dragon
  1841 | D        | Noticed a spiny frog
  1844 | D        | Killed a spiny frog
  1853 | D        | Killed a spiny frog
  1853 | D        | Reached skill level 17 in Stealth
  1859 | D        | Killed a komodo dragon
  1865 | D        | Noticed a redback
  1871 | D        | Killed a redback
  1873 | D        | Noticed a brain worm
  1876 | D        | Killed a brain worm
  1881 | D        | Noticed a brain worm
  1883 | D        | Killed a brain worm
  1887 | D        | Noticed a lindwurm
  1889 | D        | Noticed a redback
  1890 | D        | Killed a lindwurm
  1892 | D        | Killed a redback
  1897 | D        | Noticed a redback
  1899 | D        | Killed a redback
  1900 | D        | Noticed Maud
  2064 | D        | Killed Maud
  2303 | D        | Noticed a swamp drake
  2303 | D        | Noticed a fire drake
  2304 | D        | Killed a fire drake
  2306 | D        | Killed a swamp drake
  2312 | D        | Noticed a blink frog
  2312 | D        | Noticed a blink frog
  2314 | D        | Noticed a blink frog
  2314 | D        | Noticed a blink frog
  2314 | D        | Noticed a blink frog
  2320 | D        | Killed a blink frog
  2326 | D        | Killed a blink frog
  2335 | D        | Killed a blink frog
  2354 | D        | Killed a blink frog
  2356 | D        | Killed a blink frog
  2555 | D        | Noticed Rupert
  2557 | D        | Killed Rupert
  2557 | D        | Reached skill level 18 in Stealth
  2557 | D        | Reached skill level 10 in Charms
  2557 | D        | Reached skill level 5 in Necromancy
  2595 | D        | Noticed a death yak
  2596 | D        | Noticed a death yak
  2596 | D        | Noticed a blink frog
  2597 | D        | Noticed a death yak
  2601 | D        | Killed a death yak
  2603 | D        | Noticed a blink frog
  2603 | D        | Noticed a blink frog
  2604 | D        | Noticed a death yak
  2606 | D        | Killed a death yak
  2606 | D        | Reached skill level 15 in Spellcasting
  2606 | D        | Reached skill level 5 in Summonings
  2610 | D        | Killed a death yak
  2610 | D        | Reached XP level 12. HP: 51/51 MP: 5/32
  2850 | D        | Learned a level 4 spell: Control Undead
  2857 | D        | Killed a death yak
  2857 | D        | Reached skill level 10 in Short Blades
  2871 | D        | Killed a blink frog
  2872 | D        | Noticed a black mamba
  2875 | D        | Noticed a black mamba
  2881 | D        | Killed a black mamba
  2884 | D        | Killed a blink frog
  2886 | D        | Noticed an azure jelly
  2886 | D        | Noticed an azure jelly
  2887 | D        | Killed a black mamba
  2887 | D        | Reached skill level 19 in Stealth
  2900 | D        | Killed a blink frog
  3032 | D        | Noticed an anaconda
  3032 | D        | Noticed an anaconda
  3032 | D        | Noticed an anaconda
  3043 | D        | Killed an anaconda
  3048 | D        | Killed an anaconda
  3049 | D        | Killed an anaconda
  3059 | D        | Noticed a water moccasin
  3059 | D        | Noticed a water moccasin
  3059 | D        | Noticed a black mamba
  3059 | D        | Noticed a black mamba
  3059 | D        | Noticed a water moccasin
  3059 | D        | Noticed an anaconda
  3059 | D        | Killed a yaktaur
  3062 | D        | Killed an anaconda
  3067 | D        | Killed a black mamba
  3069 | D        | Killed a black mamba
  3071 | D        | Killed a water moccasin
  3072 | D        | Killed a water moccasin
  3073 | D        | Killed a water moccasin
  3086 | D        | Noticed a water moccasin
  3086 | D        | Noticed a water moccasin
  3086 | D        | Noticed an anaconda
  3086 | D        | Noticed an anaconda
  3094 | D        | Killed a water moccasin
  3098 | D        | Killed an anaconda
  3098 | D        | Killed an anaconda
  3100 | D        | Killed a water moccasin
  3172 | D        | Noticed a naga
  3172 | D        | Noticed a naga
  3173 | D        | Noticed a naga warrior
  3173 | D        | Noticed a greater naga
  3173 | D        | Found Evob's Food Boutique.
  3173 | D        | Found Waathrera's Antique Armour Emporium.
  3183 | D        | Killed a greater naga
  3195 | D        | Killed a naga
  3205 | D        | Killed a naga
  3205 | D        | Killed a naga warrior
  3214 | D        | Killed a yaktaur
  3292 | D        | Found Werraiqeibb's Book Shop.
  3301 | D        | Noticed a guardian serpent
  3303 | D        | Killed a guardian serpent
  3305 | D        | Got a serpentine rune of Zot
  3590 | D        | Noticed an azure jelly
  3590 | D        | Noticed an azure jelly
  3591 | D        | Noticed an elephant
  3591 | D        | Noticed an elephant
  3591 | D        | Noticed a dire elephant
  3591 | D        | Noticed a dire elephant
  3591 | D        | Noticed Gastronok
  3593 | D        | Killed Gastronok
  3593 | D        | Reached skill level 20 in Stealth
  3594 | D        | Killed a dire elephant
  3596 | D        | Killed a dire elephant
  3599 | D        | Killed an elephant
  3601 | D        | Killed an elephant
  3601 | D        | Reached XP level 13. HP: 55/55 MP: 34/34
  3624 | D        | Gained mutation: Your body sometimes deteriorates upon taking damage. [potion of mutation]
  3624 | D        | Gained mutation: Your spells are a little harder to cast, but a little more powerful. [potion of mutation]
  3705 | D        | Found Veeskano's Armour Emporium.
  3705 | D        | Noticed an orc wizard
  3705 | D        | Noticed an orc priest
  3705 | D        | Noticed an orc warrior
  3706 | D        | Noticed an orc wizard
  3706 | D        | Noticed an orc sorcerer
  3706 | D        | Noticed an orc warrior
  3706 | D        | Noticed an orc knight
  3706 | D        | Noticed an orc wizard
  3708 | D        | Killed an orc warrior
  3709 | D        | Killed an orc wizard
  3711 | D        | Killed an orc knight
  3718 | D        | Killed an orc warrior
  3720 | D        | Killed an orc sorcerer
  3726 | D        | Killed an orc priest
  3743 | D        | Killed an orc wizard
  3750 | D        | Killed an orc wizard
  3835 | D        | Noticed a deep elf priest
  3835 | D        | Noticed a deep elf knight
  3835 | D        | Noticed a deep elf priest
  3835 | D        | Noticed a deep elf summoner
  3835 | D        | Noticed a deep elf summoner
  3841 | D        | Noticed a deep elf conjurer
  3919 | D        | Killed a deep elf knight
  3940 | D        | Killed a deep elf summoner
  3942 | D        | Killed a deep elf priest
  3949 | D        | Killed a deep elf priest
  3956 | D        | Killed a deep elf summoner
  4171 | D        | Noticed a deep elf high priest
  4172 | D        | Noticed a deep elf demonologist
  4173 | D        | Noticed a deep elf death mage
  4375 | D        | Noticed an orange crystal statue
  4379 | D        | Noticed a spriggan defender
  4380 | D        | Noticed a spriggan defender
  4380 | D        | Noticed a spriggan defender
  4380 | D        | Noticed a spriggan defender
  4381 | D        | Killed a spriggan defender
  4384 | D        | Killed a spriggan defender
  4404 | D        | Killed a spriggan defender
  4411 | D        | Killed a spriggan defender
  4411 | D        | Reached skill level 21 in Stealth
  4583 | D        | Noticed a slime creature
  4585 | D        | Killed a slime creature
  4588 | D        | Noticed a hill giant
  4590 | D        | Killed a hill giant
  4614 | D        | Noticed a fire dragon
  4618 | D        | Killed a fire dragon
  4623 | D        | Noticed a centaur warrior
  4627 | D        | Killed a centaur warrior
  4640 | D        | Noticed an anubis guard
  4641 | D        | Noticed a slime creature
  4642 | D        | an anubis guard changed into a glowing shapeshifter
  4654 | D        | Killed a slime creature
  4685 | D        | Noticed a battleaxe of electrocution
  4685 | D        | Noticed a halberd of pain
  4685 | D        | Noticed a battleaxe of freezing
  4686 | D        | Noticed a scimitar of electrocution
  4687 | D        | Killed a halberd of pain
  4689 | D        | Killed a scimitar of electrocution
  4882 | D        | Slain by a battleaxe of electrocution

Vault maps used:
D:        dungeon_sprint_mu

Action                   |  1- 3 |  4- 6 |  7- 9 | 10-12 | 13-15 || total
-------------------------+-------+-------+-------+-------+-------++-------
Melee: Dagger            |    12 |    15 |    30 |   191 |   103 ||   351
 Cast: Ensorcelled Hiber |     1 |       |    25 |    42 |     7 ||    75
       Confuse           |     1 |       |       |     5 |       ||     6
       Dazzling Spray    |       |    11 |       |    35 |    15 ||    61
       Animate Dead      |       |       |       |    14 |     1 ||    15
       Throw Icicle      |       |       |       |     2 |     4 ||     6
       Vampiric Draining |       |       |       |     1 |     9 ||    10
       Regeneration      |       |       |       |     1 |     1 ||     2
       Tukima's Dance    |       |       |       |     1 |       ||     1
       Control Undead    |       |       |       |     1 |       ||     1
       Ozocubu's Armour  |       |       |       |       |     3 ||     3
       Condensation Shie |       |       |       |       |     3 ||     3
       Summon Ice Beast  |       |       |       |       |     2 ||     2
Invok: Shadow Step       |       |       |       |     9 |     2 ||    11
  Use: Scroll            |       |     5 |       |       |       ||     5
       Potion            |       |     3 |       |     1 |     6 ||    10
 Stab: Sleeping          |     3 |     5 |    27 |    45 |    12 ||    92
       Confused          |     1 |       |       |       |       ||     1
       Invisible         |       |       |       |     8 |     1 ||     9
       Distracted        |       |       |       |       |     1 ||     1
  Eat: Bread ration      |       |       |       |     1 |       ||     1
